 Dungeon Crawl Stone Soup version 0.17-a0-1731-g129c023 (webtiles) character file.

105 TruthSerum the Skirmisher (level 4, -1/49 HPs)
             Began as an Ogre Berserker on Aug 30, 2015.
             Was a Believer of Trog.
             Slain by a giant gecko (3 damage)
             ... in a sewer.
             The game lasted 00:07:46 (1725 turns).

TruthSerum the Skirmisher (Ogre Berserker)          Turns: 1725, Time: 00:07:46

Health: -1/49      AC:  3    Str: 26    XL:     4   Next: 81%
Magic:  4/4        EV: 10    Int:  7    God:    Trog [**....]
Gold:   103        SH:  0    Dex:  9    Spells: 0 memorised, 3 levels left

rFire  + . .     SeeInvis .     e - +0 whip (elec)
rCold  . . .     Rnd*Rage +     j - +0 robe
rNeg   . . .     SustAt   .     (no shield)
rPois  .         Gourm    .     (helmet restricted)
rElec  .         Spirit   .     (no cloak)
rCorr  .         Warding  .     (gloves unavailable)
rMut   .         Stasis   .     (boots unavailable)
MR     .....                    (no amulet)
Stlth  +.........               (no ring)
                                d - +4 ring of strength

@: exhausted, not resistant to hostile enchantments, very unstealthy
A: unfitting armour, talons 1, berserk 1, deterioration 1, fire resistance 1,
tough skin 1
a: Burn Spellbooks, Berserk, Trog's Hand, Renounce Religion


You were in a sewer.
You worshipped Trog.
Trog was pleased with you.
You were hungry.

You visited 1 branch of the dungeon, and saw 3 of its levels.
You also visited: Sewer.

You collected 103 gold pieces.

Inventory:

Hand weapons
 e - a +0 whip of electrocution (weapon)
Armour
 j - a +0 robe (worn)
 o - a +0 robe
Jewellery
 d - a +4 ring of strength (left hand)
Scrolls
 b - a scroll of identify
 g - 2 scrolls of teleportation {unknown}
 h - 2 scrolls of remove curse {unknown}
 k - a scroll of magic mapping {unknown}
 n - a scroll of recharging {unknown}
Potions
 i - 2 potions of flight
 l - a potion of curing {unknown}
 m - a potion of mutation
Comestibles
 a - 5 chunks of flesh
 c - a bread ration
 f - a meat ration


   Skills:
 + Level 4.8 Fighting
 + Level 4.7 Maces & Flails
 + Level 2.5 Throwing
 + Level 3.4 Dodging


You had 3 spell levels left.
You didn't know any spells.

Dungeon Overview and Level Annotations

Branches:
Dungeon (3/15)

Altars:
The Shining One


Innate Abilities, Weirdness & Mutations

You are too large for most types of armour.
You have tough skin (AC +1).
You have sharp toenails.
You tend to lose your temper in combat.
Your body sometimes deteriorates upon taking damage.
Your flesh is heat resistant.


Message History

* * * LOW HITPOINT WARNING * * *
The giant gecko bites you.
* * * LOW HITPOINT WARNING * * *
You miss the giant gecko. Your kick misses the giant gecko.
The giant gecko bites you.
* * * LOW HITPOINT WARNING * * *
You miss the giant gecko.
The giant gecko bites you but does no damage.
You closely miss the giant gecko. The giant gecko bites you.
* * * LOW HITPOINT WARNING * * *
The giant gecko barely misses you.
You hit the giant gecko. You claw the giant gecko.
The giant gecko is heavily wounded.
The giant gecko bites you.
* * * LOW HITPOINT WARNING * * *
You hit the giant gecko. Your kick misses the giant gecko.
The giant gecko is almost dead.
You feel yourself speed up. The giant gecko closely misses you.
The giant gecko bites you.
You die...

####### ≈≈≈≈≈≈≈
≈≈≈≈≈≈ .≈≈≈≈ #≈≈≈
##### #≈≈≈
#####...##
#.≈≈####.##.....##
#≈≈≈l@≈..........#
#≈≈≈≈≈......∩....#
#≈≈≈≈..####......#
#.≈≈#### ###.∩###
#≈≈. #### #≈≈≈
#.≈≈ #≈≈≈


You could see a giant gecko.

Vanquished Creatures
  Jessica (D:3)
  3 adders
  A worm (D:2)
  A ball python (D:3)
  8 bats
  8 giant cockroaches
  6 goblins
  5 hobgoblins
  8 kobolds
  A quokka (D:2)
  A giant gecko (Sewer)
  2 giant newts
  6 rats
51 creatures vanquished.

Notes
Turn   | Place    | Note
--------------------------------------------------------------
     0 | D:1      | TruthSerum the Ogre Berserker began the quest for the Orb.
     0 | D:1      | Reached XP level 1. HP: 24/24 MP: 1/1
   301 | D:1      | Reached XP level 2. HP: 30/32 MP: 2/2
   550 | D:2      | Reached skill level 1 in Throwing
   761 | D:2      | Gained mutation: You have sharp toenails. [potion of beneficial mutation]
   811 | D:2      | Reached XP level 3. HP: 38/40 MP: 3/3
  1067 | D:2      | Gained mutation: Your flesh is heat resistant. [potion of mutation]
  1067 | D:2      | Gained mutation: Your body sometimes deteriorates upon taking damage. [potion of mutation]
  1067 | D:2      | Gained mutation: You tend to lose your temper in combat. [potion of mutation]
  1168 | D:2      | Acquired Trog's second power
  1464 | D:3      | Noticed Jessica
  1489 | D:3      | Found a glowing golden altar of the Shining One.
  1593 | D:3      | Reached XP level 4. HP: 44/49 MP: 4/4
  1612 | D:3      | Killed Jessica
  1643 | D:3      | Found a glowing drain.
  1680 | Sewer    | Entered a sewer
  1724 | Sewer    | HP: 2/49 [giant gecko (3)]
  1725 | Sewer    | Slain by a giant gecko

Vault maps used:
D:1:      lightli_arrival_windingriver
D:3:      portal_sewer_entry_b, lemuel_tele_altar, uniq_crazy_yiuf_cottage,
          uniq_jessica
Sewer:    sewer_fruit_machine

Action                   |  1- 3 |  4- 6 || total
-------------------------+-------+-------++-------
Melee: Whip              |   117 |    54 ||   171
       Mace              |     4 |       ||     4
Invok: Berserk           |       |     1 ||     1
  Use: Scroll            |     4 |       ||     4
       Potion            |     2 |       ||     2
  Eat: Chunk             |     2 |     1 ||     3
